 Dungeon Crawl Stone Soup version 0.23.1 (webtiles) character file.

Game seed: 9743648587925786755

111 Folque the Digger (level 4, -1/36 HPs)
             Began as a Draconian Earth Elementalist on Mar 17, 2019.
             Slain by a killer bee (6 damage)
             ... on level 3 of the Dungeon.
             The game lasted 00:07:03 (1838 turns).

Folque the Digger (Draconian Earth Elementalist)    Turns: 1838, Time: 00:07:03

Health: -1/36      AC:  5    Str:  8 (11) XL:     4   Next: 62%
Magic:  5/8        EV: 12    Int: 14 (16) God:
Gold:   109        SH:  0    Dex: 10 (11) Spells: 3/9 levels left

rFire    . . .     SeeInvis .   a - +0 short sword
rCold    . . .     Gourm    .   (no shield)
rNeg     . . .     Faith    .   (armour unavailable)
rPois    .         Spirit   .   (helmet restricted)
rElec    .         Reflect  .   (no cloak)
rCorr    .         Harm     .   (no gloves)
MR       .....                  (no boots)
Stlth    ++........             (no amulet)
HPRegen  0.12/turn              (no ring)
MPRegen  0.11/turn              (no ring)

@: lethally poisoned (-1 -> -24), very slightly contaminated
A: unfitting armour, cold-blooded, AC +5
a: no special abilities


You were on level 3 of the Dungeon.
You were not hungry.

You visited 1 branch of the dungeon, and saw 3 of its levels.

You collected 109 gold pieces.

Inventory:

Hand Weapons
 a - a +0 short sword (weapon)
 d - a +0 halberd
Missiles
 b - 91 stones (quivered)
Scrolls
 i - a scroll of magic mapping {unknown}
 j - a scroll of teleportation {unknown}
Potions
 g - a potion of degeneration
Comestibles
 c - 5 rations
 f - a chunk of flesh


   Skills:
 - Level 2.1 Fighting
 - Level 1.7 Dodging
 - Level 1.7 Stealth
 + Level 3.0 Spellcasting
 * Level 1.3 Conjurations
 - Level 1.0 Transmutations
 + Level 3.9 Earth Magic


You had 3 spell levels left.
You knew the following spells:

 Your Spells              Type           Power        Failure   Level  Hunger
a - Sandblast             Erth           ##....       4%          1    #......
b - Passwall              Tmut/Erth      #.......     12%         2    ##.....
c - Stone Arrow           Conj/Erth      #.....       22%         3    ###....

Your spell library contained the following spells:

 Spells                   Type           Power        Failure   Level  Hunger
 Petrify                  Tmut/Erth      #.......     61%         4    #####..
 Lee's Rapid Deconstruct  Erth           ##........   75%         5    ######.


Dungeon Overview and Level Annotations

Branches:
Dungeon (3/15)

Altars:


Innate Abilities, Weirdness & Mutations

Your plain brown scales are hard. (AC +5)
You cannot fit into any form of body armour.
You are cold-blooded and may be slowed by cold attacks.


Message History

You feel weakened.
You feel dopey.
You feel clumsy.
You feel sick. The killer bee stings you.
* * * LOW HITPOINT WARNING * * *
You are more poisoned.
The killer bee poisons you! The killer bee closely misses you.
It was a potion of magic.
Magic courses through your body.
* * * LOW HITPOINT WARNING * * *
You feel sick. The killer bee completely misses you.
The killer bee closely misses you.
Okay, then.
Casting: Sandblast (safe; 4% risk of failure)
Confirm with . or Enter, or press ? or * to list all spells.
Aiming: Stone Arrow (safe; 22% risk of failure)
Press: ? - help, Shift-Dir - straight line, f/p - killer bee
Aim: a killer bee The stone arrow misses the killer bee.
The stone arrow hits the killer bee!
The killer bee is heavily wounded.
* * * LOW HITPOINT WARNING * * *
You feel sick. The killer bee closely misses you. The killer bee stings you.
You die...

######........
#.#.........#.
..#.#######.#
..............
#.#.###.#####.# ##
#.#...........# .#
# #####.###### .##
#
#.###########..###
#
#.........@yyy...#
#
##############.#.#
# #


You could see 3 killer bees.

Vanquished Creatures
  Robin (D:2)
  5 adders
  A gnoll (D:1)
  An ooze (D:1)
  A worm (D:2)
  An orc (D:3)
  A ball python (D:2)
  3 bats
  2 giant cockroaches
  10 goblins
  5 hobgoblins
  3 frilled lizards
  3 kobolds (D:1)
37 creatures vanquished.

Notes
Turn   | Place    | Note
-------+----------+-------------------------------------------
     0 | D:1      | Folque the Draconian Earth Elementalist began the quest for
                  | the Orb.
     0 | D:1      | Reached XP level 1. HP: 14/14 MP: 3/3
   103 | D:1      | Reached XP level 2. HP: 16/22 MP: 0/5
   151 | D:1      | Reached skill level 1 in Fighting
   385 | D:1      | Reached XP level 3. HP: 24/28 MP: 6/6
   659 | D:2      | Noticed Robin
   710 | D:2      | Killed Robin
   812 | D:2      | Learned a level 2 spell: Passwall
   816 | D:2      | Learned a level 3 spell: Stone Arrow
   854 | D:2      | Reached XP level 4. HP: 25/36 MP: 4/8
  1333 | D:3      | Reached skill level 1 in Conjurations
  1838 | D:3      | Slain by a killer bee

Skill      XL: |  1  2  3  4 |
---------------+-------------+-----
Fighting       | 1 2 |  2.1
Conjurations   | 1 |  1.3
Spellcasting   | 3 |  3.0
Dodging        | |  1.7
Stealth        | |  1.7
Transmutations | |  1.0
Earth Magic    | |  3.9

Action                   |  1- 3 |  4- 6 || total
-------------------------+-------+-------++-------
Melee: Unarmed           |    16 |       ||    16
       Short sword       |    45 |    29 ||    74
       Tailslap          |     6 |     2 ||     8
 Cast: Sandblast         |    21 |    15 ||    36
       Stone Arrow       |       |     6 ||     6
       Passwall          |       |     3 ||     3
  Use: Potion            |       |     2 ||     2
       Scroll            |       |     1 ||     1
 Stab: Sleeping          |       |     2 ||     2
  Eat: Chunk             |       |     4 ||     4
Armor: Skin              |    25 |    17 ||    42
Dodge: Dodged            |    42 |    35 ||    77
